 Dungeon Crawl Stone Soup version 0.30-a0-540-g0af01429fa (webtiles) character file.

Game seed: 11492773664731135634

67 porpoise the Caller (level 4, -2/30 HPs)
             Began as a Barachi Summoner on Dec 26, 2022.
             Slain by a gnoll
             ... wielding a +0 halberd
              (5 damage)
             ... on level 3 of the Dungeon.
             The game lasted 00:11:42 (2350 turns).

porpoise the Caller (Barachi Summoner)              Turns: 2350, Time: 00:11:43

Health: -2/30      AC:  2    Str:  9    XL:     4   Next: 16%
Magic:  7/9        EV: 11    Int: 18    God:
Gold:   53         SH:  8    Dex: 12    Spells: 4/10 levels left

rFire   . . .      SeeInvis .    a - +1 spear (venom)
rCold   + . .      Faith    .    l - +0 buckler
rNeg    . . .      Spirit   .    c - +0 robe
rPois   .          Reflect  +    (no helmet)
rElec   .          Harm     .    (no cloak)
rCorr   .          Rampage  .    (no gloves)
Will    .....                    (no boots)
Stlth   ++                       n - amulet of reflection
HPRegen 0.25/turn                f - ring of protection from cold
MPRegen 0.11/turn                (no ring)

@: slow
A: amphibious, slowness 1, strong legs 1, +LOS
a: Hop


You were on level 3 of the Dungeon.
You visited 1 branch of the dungeon, and saw 3 of its levels.

You collected 53 gold pieces.

Inventory:

Hand Weapons
 a - a +1 spear of venom (weapon)
 p - a +0 dagger
Missiles
 o - 2 boomerangs (quivered)
Armour
 c - a +0 robe (worn)
 l - a +0 buckler (worn)
Magical Staves
 h - a staff of conjuration
Jewellery
 f - a ring of protection from cold (left hand)
 n - an amulet of reflection (around neck)
 s - a ring of wizardry
Scrolls
 e - a scroll of teleportation {unknown}
 g - a scroll of poison {unknown}
 k - a scroll of blinking {unknown}
 m - a scroll of identify {unknown}
Potions
 b - a potion of magic
 d - a potion of heal wounds {unknown}
 i - a potion of might {unknown}
 j - a potion of berserk rage {unknown}
 q - 2 potions of haste {unknown}
 r - 2 potions of mutation {unknown}


   Skills:
 - Level 2.1 Dodging
 - Level 1.7 Stealth
 + Level 3.5 Spellcasting
 + Level 5.8 Summonings


You had 4 spell levels left.
You knew the following spells:

 Your Spells              Type           Power      Damage    Failure   Level
a - Summon Small Mammal   Summ           96%        N/A       1%          1
b - Call Imp              Summ           24%        N/A       3%          2
c - Call Canine Familiar  Summ           24%        N/A       6%          3

Your spell library contained the following spells:

 Spells                   Type           Power      Damage    Failure   Level
 Summon Guardian Golem    Hex/Summ       13%        N/A       19%         3
 Sting                    Tmut/Pois      12%        1d3       22%         1
 Poisonous Vapours        Pois/Air       6%         N/A       32%         2
 Spider Form              Tmut/Pois      3%         N/A       54%         3
 Summon Lightning Spire   Summ/Air       13%        N/A       54%         4
 Ice Form                 Ice/Tmut       3%         N/A       91%         4
 Olgreb's Toxic Radiance  Pois           3%         N/A       91%         4
 Yara's Violent Unravell  Hex/Tmut       1%         3d3       99%         5
 Dragon Form              Tmut           1%         N/A       100%        7


Dungeon Overview and Level Annotations

Branches:
Dungeon (3/15)

Altars:


Innate Abilities, Weirdness & Mutations

You are amphibious.
You cover ground slowly.
You can hop short distances.
You have an extended range of vision and can be seen from far away.


Message History

The gnoll hits your hound with a +0 club.
Your hound bites the gnoll.
You struggle against the net.
Your hound bites the gnoll but does no damage.
The gnoll closely misses your hound. The gnoll misses your hound.
Your hound closely misses the gnoll.
You struggle against the net.
The gnoll barely misses your hound. x2
Your hound barely misses the gnoll.
You shred the net and break free!
Your hound bites the gnoll.
The gnoll misses your hound. The gnoll barely misses your hound.
Your hound misses the gnoll.
Casting: Call Canine Familiar (dangerous; 6% risk of failure)
Confirm with . or Enter, or press ? or * to list all spells.
You don't know that spell.
The gnoll hits you from afar with a +0 halberd!
The gnoll misses your hound.
Your hound barely misses the gnoll.
You block the gnoll's attack. The gnoll misses your hound.
Your hound bites the gnoll.
Your hound completely misses the gnoll.
The gnoll hits your hound with a +0 club.
The gnoll hits you with a +0 halberd!
Ouch! That really hurt!
* * * LOW HITPOINT WARNING * * *
You hit the gnoll.
The gnoll is moderately wounded.
Your hound barely misses the gnoll.
You block the gnoll's attack.
The gnoll hits your hound with a +0 club.
Your hound closely misses the gnoll.
You hit the gnoll but do no damage.
The gnoll is poisoned.
The gnoll is moderately wounded.
Your hound barely misses the gnoll.
The gnoll barely misses you. You block the endoplasm's attack.
The gnoll closely misses your hound.
You hit the gnoll but do no damage.
The gnoll looks even sicker.
The gnoll is heavily wounded.
Your hound misses the gnoll. The gnoll closely misses you.
The gnoll misses your hound.
Your hound barely misses the gnoll.
The endoplasm barely misses you.
You barely miss the gnoll.
The gnoll is heavily wounded.
Your hound bites the gnoll.
The gnoll hits you with a +0 halberd.
You die...

#.# #.# #.# . #.# ..
###.# ..
###...#######
####'####..(........#
..?....gh...>######.#
.......g@.#### #.#
...####J..# #.# #.#.#
#.# ...#.# #.#
...##$# #.# .... #.#
#.# ....# #.# #.#
.... #.# #.# ..... .#
#.#


You could see 2 gnolls, an endoplasm and a friendly hound (summoned).

Vanquished Creatures
  A gnoll (D:3)
  2 endoplasms (D:1)
  2 goblins
  4 hobgoblins
  3 jackals (D:2)
  A quokka (D:2)
  A ball python (D:2)
  A bat (D:2)
  3 frilled lizards
  4 kobolds (D:2)
  A rat (D:2)
23 creatures vanquished.

Vanquished Creatures (collateral kills)
  A dart slug (D:1)
  5 ball pythons (D:1)
  5 bats
  2 endoplasms (D:1)
  2 goblins
  A hobgoblin (D:1)
  4 kobolds
  A quokka (D:1)
  5 rats
26 creatures vanquished.

Grand Total: 49 creatures vanquished

Notes
Turn   | Place    | Note
-------+----------+-------------------------------------------
     0 | D:1      | porpoise the Barachi Summoner began the quest for the Orb.
     0 | D:1      | Reached XP level 1. HP: 13/13 MP: 3/3
   389 | D:1      | Reached skill level 5 in Summonings
   431 | D:1      | Reached XP level 2. HP: 19/19 MP: 2/5
   465 | D:1      | Learned a level 2 spell: Call Imp
   887 | D:1      | Reached XP level 3. HP: 24/24 MP: 5/7
   909 | D:1      | Learned a level 3 spell: Call Canine Familiar
  1830 | D:2      | Got the Secrets of Forms
  2244 | D:3      | Reached XP level 4. HP: 18/30 MP: 4/9
  2350 | D:3      | Slain by a gnoll

Illustrated notes

Levels and vault maps discovered:
D:1:      dpeg_arrival_castle, layout_loops_corners,
          chequers_serial_rivers_large_a
D:2:      layout_loops_ring, chequers_serial_rivers_small_3
D:3:      layout_basic, shapermc_ecumenical_altar_petra,
          minmay_misc_feat_pillars

Skill      XL: |  1  2  3 |
---------------+----------+-----
Summonings     | 5 |  5.8
Spellcasting   | 3 |  3.5
Dodging        | |  2.1
Stealth        | |  1.7

Action                   |  1- 3 |  4- 6 || total
-------------------------+-------+-------++-------
Melee: Unarmed           |     4 |       ||     4
       Dagger            |    51 |       ||    51
       Spear             |    29 |     4 ||    33
Throw: Boomerang         |     1 |       ||     1
 Cast: Summon Small Mamm |    41 |       ||    41
       Call Imp          |     1 |       ||     1
       Call Canine Famil |       |     1 ||     1
 Stab: Sleeping          |     5 |       ||     5
Armor: Robe              |    15 |       ||    15
Dodge: Dodged            |    41 |     3 ||    44
Block: Buckler           |    16 |     3 ||    19
       Reflection        |     1 |       ||     1

Table legend: (Time is in decaauts)
 A = Elapsed time spent in this place.
 B = Non-inter-level travel time spent in this place.
 C = Inter-level travel time spent in this place.
 D = Time resting spent in this place.
 E = Time spent auto-exploring this place.
 F = Levels seen in this place.
 G = Mean time per level.
                   A        B        C        D        E       F      G
               +--------+--------+--------+--------+--------+-----+--------+
         Total |   2641 |   2568 |     73 |    477 |   1492 |   3 |  880.3 |
       Dungeon |   2641 |   2568 |     73 |    477 |   1492 |   3 |  880.3 |
               +--------+--------+--------+--------+--------+-----+--------+

Top non-repeatable levels by time:
     D:1: 1563 daAuts
     D:2: 871 daAuts
     D:3: 206 daAuts
